 Dungeon Crawl Stone Soup version 0.30-a0-373-gd37427bb62 (webtiles) character file.

Game seed: 1158193531345200909

21 bande the Trooper (level 2, -1/20 HPs)
             Began as a Gargoyle Fighter on Nov 24, 2022.
             Slain by a gnoll
             ... wielding a +0 spear
              (3 damage)
             ... on level 1 of the Dungeon.
             The game lasted 00:00:48 (649 turns).

bande the Trooper (Gargoyle Fighter)                 Turns: 649, Time: 00:00:49

Health: -1/20      AC: 12    Str: 19    XL:     2   Next: 83%
Magic:  2/2        EV:  7    Int:  8    God:
Gold:   36         SH:  4    Dex:  9    Spells: 1/1 levels left

rFire   . . .      SeeInvis .    a - +0 war axe
rCold   . . .      Faith    .    c - +0 buckler
rNeg    + . .      Spirit   .    h - +0 chain mail
rPois   ∞          Reflect  .    (no helmet)
rElec   +          Harm     .    (no cloak)
rCorr   .          Rampage  .    (no gloves)
Will    .....                    (no boots)
Stlth   ..........               (no amulet)
HPRegen 0.23/turn                (no ring)
MPRegen 0.08/turn                (no ring)

@: no status effects
A: sickness immunity, AC +2, negative energy resistance 1, electricity
resistance, torment resistance 1, petrification resistance
a: no special abilities


You were on level 1 of the Dungeon.
You visited 1 branch of the dungeon, and saw 1 of its levels.

You collected 36 gold pieces.

Inventory:

Hand Weapons
 a - a +0 war axe (weapon)
Armour
 c - a +0 buckler (worn)
 h - a +0 chain mail (worn)
Jewellery
 g - a ring of magical power
 m - an amulet of faith
Scrolls
 b - a scroll of blinking {unknown}
 i - 2 scrolls of teleportation {unknown}
 j - a scroll of acquirement {unknown}
 k - a scroll of torment {unknown}
Potions
 d - a potion of might
 e - a potion of haste {unknown}
 f - a potion of curing {unknown}
 l - a potion of invisibility {unknown}


   Skills:
 + Level 3.8 Fighting
 + Level 2.1 Axes
 + Level 3.5 Armour
 + Level 3.3 Shields


You had one spell level left.
You didn't know any spells.
Your spell library was empty.

Dungeon Overview and Level Annotations

Branches:
Dungeon (1/15)

Altars:


Innate Abilities, Weirdness & Mutations

You are immune to sickness and miasma.
Your stone body is resilient. (AC +2)
You are immune to poison.
You resist negative energy. (rN+)
You are resistant to electric shocks. (rElec)
You are resistant to unholy torment.
You are immune to petrification.


Message History

A hobgoblin comes into view.
The hobgoblin shouts!
A hobgoblin is nearby!
A gnoll comes into view. It is wielding a +0 spear.
The gnoll shouts!
The hobgoblin hits you.
You closely miss the hobgoblin. You block the gnoll's attack.
The hobgoblin barely misses you.
You closely miss the hobgoblin.
The gnoll hits you from afar with a +0 spear.
The hobgoblin barely misses you.
You hit the hobgoblin.
The hobgoblin is almost dead.
The gnoll hits you from afar with a +0 spear.
The hobgoblin hits you but does no damage.
The gnoll hits you but does no damage.
The hobgoblin hits you but does no damage.
You hit the hobgoblin.
You kill the hobgoblin!
The gnoll hits you but does no damage. The gnoll hits you with a +0 spear.
You see here a hobgoblin corpse.
You are too injured to fight recklessly!
You are too injured to fight recklessly!
You are too injured to fight recklessly!
You are too injured to fight recklessly!
You are too injured to fight recklessly!
You are too injured to fight recklessly!
You are too injured to fight recklessly!
You are too injured to fight recklessly!
You are too injured to fight recklessly!
You are too injured to fight recklessly!
You hit the gnoll.
The gnoll is lightly wounded.
The gnoll hits you with a +0 spear. The gnoll hits you with a +0 spear!
* * * LOW HITPOINT WARNING * * *
You closely miss the gnoll.
The gnoll is lightly wounded.
The gnoll hits you with a +0 spear.
You die...

#. #. #. #. #. #########.#
####.........g######
##..P..#.......@....#
##..P♣P....♣P....###.#
#..P.♣P...PPPP...# #.#
##....P....P♣♣P..# #.#
......P)P.)P♣P...# #.#
#..PP<......P...####.#######
#..P♣PP.............>......#
#.P♣♣♣♣P.....##..###.#####.#
#..PP♣P..........###.# #.#


You could see a gnoll.

Vanquished Creatures
  A ball python (D:1)
  3 bats (D:1)
  An endoplasm (D:1)
  3 goblins (D:1)
  4 hobgoblins (D:1)
  3 kobolds (D:1)
  2 rats (D:1)
17 creatures vanquished.

Notes
Turn   | Place    | Note
-------+----------+-------------------------------------------
     0 | D:1      | bande the Gargoyle Fighter began the quest for the Orb.
     0 | D:1      | Reached XP level 1. HP: 14/14 MP: 1/1
   113 | D:1      | Reached XP level 2. HP: 18/20 MP: 2/2
   648 | D:1      | HP: 1/20 [gnoll/+0 spear (7)]
   649 | D:1      | Slain by a gnoll

Illustrated notes

Levels and vault maps discovered:
D:1:      spicycebolla_arrival_clurvy, layout_basic,
          shapermc_ecumenical_altar_petra, minmay_misc_feat_enclosed,
          minmay_misc_feat_x

Skill      XL: |  1  2 |
---------------+-------+-----
Axes           | 2 |  2.1
Fighting       | |  3.8
Armour         | |  3.5
Shields        | |  3.3

Action                   || total
-------------------------++-------
Melee: War axe           ||    52
Armor: Chain mail        ||    33
       Scale mail        ||     9
Dodge: Dodged            ||    22
Block: Buckler           ||     7

Table legend: (Time is in decaauts)
 A = Elapsed time spent in this place.
 B = Non-inter-level travel time spent in this place.
 C = Inter-level travel time spent in this place.
 D = Time resting spent in this place.
 E = Time spent auto-exploring this place.
 F = Levels seen in this place.
 G = Mean time per level.
                   A        B        C        D        E       F      G
               +--------+--------+--------+--------+--------+-----+--------+
         Total |    672 |    672 |      0 |      0 |    517 |   1 |  672.0 |
       Dungeon |    672 |    672 |      0 |      0 |    517 |   1 |  672.0 |
               +--------+--------+--------+--------+--------+-----+--------+

Top non-repeatable levels by time:
     D:1: 672 daAuts
